 Dungeon Crawl Stone Soup version 0.28-a0-861-ge64d6db94f (webtiles) character file.

Game seed: 18012131782765676667

94241 quinnr the Stormcaller (level 16, 0/97 HPs)
             Began as a Tengu Air Elementalist on Nov 15, 2021.
             Was an Elder of Vehumet.
             Killed by an exploding ball lightning (24 damage)
             ... on level 2 of the Snake Pit.
             The game lasted 01:20:32 (39105 turns).

quinnr the Stormcaller (Tengu Air Elementalist)    Turns: 39105, Time: 01:20:33

Health: 0/97       AC:  8    Str:  9    XL:     16   Next: 10%
Magic:  18/41      EV: 23    Int: 25    God:    Vehumet [****..]
Gold:   1227       SH:  5    Dex: 15    Spells: 16/37 levels left

rFire   . . .      SeeInvis .   M - +9 staff of Olgreb {rPois∞}
rCold   + . .      Faith    .   s - +0 buckler
rNeg    + . .      Spirit   .   A - +2 robe {rN+}
rPois   ∞          Reflect  .   R - +2 hat {Int+3}
rElec   .          Harm     .   p - +0 cloak
rCorr   .          Rampage  .   Z - +0 pair of gloves
Will    +....                   (boots unavailable)
Stlth   ++++......              (no amulet)
HPRegen 0.26/turn               b - ring of protection from cold
MPRegen 0.27/turn               f - ring of magical power

@: flying quickly and evasively, quick
A: beak, talons 3, nimble flight
a: Renounce Religion, Evoke the Staff of Olgreb


You were on level 2 of the Snake Pit.
You worshipped Vehumet.
Vehumet was greatly pleased with you.
You visited 4 branches of the dungeon, and saw 21 of its levels.

You collected 1383 gold pieces.
You spent 156 gold pieces at shops.

Inventory:

Hand Weapons
 j - a +1 dagger of flaming
 y - a +3 dagger of draining
 M - the +9 staff of Olgreb (weapon) {rPois∞}
   (You found it on level 9 of the Dungeon)

   If the wielder is skilled in Evocations, they can envenom those struck by it,
   dealing poison damage which bypasses armour.
   It enhances your poison magic.
   It grants immunity to poison.
   It can be evoked to radiate toxic energy, with effectiveness depending on
   Evocations skill.
Missiles
 D - 5 atropa-tipped darts
 E - 5 curare-tipped darts
 J - 2 silver boomerangs
Armour
 i - a +0 troll leather armour
 p - a +0 cloak (worn)
 s - a +0 buckler (worn)
 A - a +2 robe of positive energy (worn)
 P - a +2 robe of cold resistance
 R - a +2 hat of intelligence (worn)
 Z - a +0 pair of gloves (worn)
Magical Staves
 X - a staff of fire
Jewellery
 b - a ring of protection from cold (left hand)
 f - a ring of magical power (right hand)
 F - a ring of protection from cold
 H - a ring of fire
 O - a ring of ice
 U - a +4 ring of slaying
 W - a +6 ring of intelligence
Wands
 o - a wand of charming (21)
 q - a wand of acid (4)
 r - a wand of flame (44)
 z - a wand of digging (6)
 B - a wand of mindburst (12)
 N - a wand of paralysis (20)
 V - a wand of polymorph (2)
 Y - a wand of iceblast (19)
Scrolls
 a - a scroll of magic mapping
 c - 6 scrolls of fear
 d - 5 scrolls of amnesia
 e - 2 scrolls of enchant armour
 g - 6 scrolls of teleportation
 l - 3 scrolls of immolation
 m - 2 scrolls of blinking
 C - 2 scrolls of enchant weapon
 L - 3 scrolls of identify
Potions
 h - 4 potions of flight
 k - 3 potions of attraction
 n - a potion of haste
 t - a potion of cancellation
 u - 4 potions of brilliance
 v - a potion of mutation
 w - 9 potions of curing
 x - 4 potions of resistance
 G - 3 potions of might
 Q - 5 potions of ambrosia
 S - 2 potions of lignification
Miscellaneous
 K - a phial of floods
 T - a box of beasts (inert)


   Skills:
 - Level 10.0 Fighting
 - Level 4.1 Armour
 - Level 14.0 Dodging
 - Level 9.0 Stealth
 - Level 4.0 Shields
 - Level 11.0 Spellcasting
 + Level 2.5 Conjurations
 - Level 4.0 Translocations
 - Level 3.0 Fire Magic
 + Level 18.1 Air Magic
 - Level 9.0 Poison Magic
 - Level 6.0 Evocations


You had 16 spell levels left.
You knew the following spells:

 Your Spells              Type           Power      Damage    Failure   Level
a - Shock                 Conj/Air       100%       1d9       1%          1
b - Airstrike             Air            40%        N/A       1%          4
c - Blink                 Tloc           66%        N/A       1%          2
d - Poisonous Vapours     Pois/Air       100%       N/A       1%          2
e - Mephitic Cloud        Conj/Pois/Air  76%        N/A       1%          3
f - Ignite Poison         Fire/Tmut/Pois 50%        N/A       1%          3
g - Conjure Ball Lightni  Conj/Air       30%        3x3d10    2%          6

Your spell library contained the following spells:

 Spells                   Type           Power      Damage    Failure   Level
 Swiftness                Air            81%        N/A       0%          3
 Apportation              Tloc           66%        N/A       1%          1
 Foxfire                  Conj/Fire      100%       2x1d9     1%          1
 Freeze                   Ice            52%        1d7       1%          1
 Static Discharge         Conj/Air       60%        N/A       1%          2
 Conjure Flame            Conj/Fire      27%        6-21      1%          3
 Inner Flame              Hex/Fire       21%        N/A       1%          3
 Freezing Cloud           Conj/Ice/Air   24%        6-21      2%          5
 Frozen Ramparts          Ice            26%        1d4       3%          3
 Animate Skeleton         Necr           26%        N/A       4%          1
 Slow                     Hex            52%        N/A       4%          1
 Summon Small Mammal      Summ           52%        N/A       4%          1
 Flame Wave               Conj/Fire      27%        3d6       4%          4
 Portal Projectile        Hex/Tloc       46%        N/A       6%          3
 Hailstorm                Conj/Ice       20%        3d6       7%          4
 Call Canine Familiar     Summ           13%        N/A       13%         3
 Confusing Touch          Hex            13%        N/A       13%         3
 Summon Guardian Golem    Hex/Summ       13%        N/A       13%         3
 Vampiric Draining        Necr           13%        2d6       13%         3
 Manifold Assault         Tloc           33%        N/A       24%         5
 Storm Form               Tmut/Air       28%        N/A       67%         7
 Blade Hands              Tmut           6%         N/A       77%         5
 Excruciating Wounds      Necr           6%         N/A       77%         5


Dungeon Overview and Level Annotations

Branches:
Dungeon (12/15)            Temple (1/1) D:6            Lair (6/6) D:11
  Swamp (0/4) Lair:3        Snake (2/4) Lair:4        Slime (0/5) Lair:5
    Orc (0/2) D:9

Altars:
Ashenzari
Cheibriados
Dithmenos
Elyvilon
Fedhas
Gozag
Hepliaklqana
Kikubaaqudgha
Makhleb
Nemelex Xobeh
Okawaru
Qazlal
Ru
Sif Muna
Trog
Uskayaw
Vehumet
Wu Jian
Xom
Yredelemnul
Zin
The Shining One
Beogh
Jiyva

Shops:
D:4 *   D:11 !

Annotations:
D:9 1 runed translucent door
Snake:2 2 transporters, Vashnia


Innate Abilities, Weirdness & Mutations

You have a beak for a mouth.
You have claws for feet.
Your magical nature lets you fly swiftly and evasively.


Message History

The blast of lightning engulfs your ball lightning.
Your ball lightning completely resists.
Vashnia casts a spell.
Vashnia magically shoots an arrow.
The arrow hits you!!
* * * LOW HITPOINT WARNING * * *
Unknown command.
Unknown command.
Unknown command.
Your ball lightning explodes!
The blast of lightning engulfs your ball lightning.
Your ball lightning completely resists.
The blast of lightning engulfs your ball lightning.
Your ball lightning completely resists.
The blast of lightning engulfs your ball lightning.
Your ball lightning completely resists.
Unknown command.
Unknown command.
Your ball lightning explodes!
The blast of lightning engulfs your ball lightning.
Your ball lightning completely resists.
The blast of lightning engulfs Vashnia.
Vashnia is moderately wounded.
Your ball lightning explodes!
The blast of lightning engulfs Vashnia!
Vashnia is heavily wounded.
Unknown command.
Unknown command.
Unknown command.
Casting: Airstrike (safe; 1% risk of failure)
Confirm with . or Enter, or press ? or * to list all spells.
You create some ball lightning! 3 ball lightnings come into view.
Vashnia casts a spell.
Vashnia blinks!
Unknown command.
Your ball lightning explodes!
The blast of lightning engulfs Vashnia!
Vashnia is heavily wounded.
The blast of lightning engulfs you!!
You die...

.....#.#....## ##.#####....
.....##(#...[####..§...N....
##...##.......#....#........
####.###........*.##........
## ### #..........#N..!.....
.## ##....^...##.........
..## ##.........##.........
...# ##.###.N...####........
...###....##....@###........
.####......#...*..###.......
.# #.....##....*.## .#
#.....##.......### .#
##....###........##### .#
#..#........[..#....#######
.#
###..#........##.......##.#
.##
###.#####...##...........#.#
..###..##
###.###...........##


You could see Vashnia (ally target) and 2 friendly ball lightnings.

Vanquished Creatures
  Gastronok (Lair:3)
  Fannar (Lair:1)
  8 hydras
  3 boulder beetles
  4 naga warriors
  3 catoblepae (Lair:6)
  The ghost of cheechan the Cleaver, a journeyman OpFi of Gozag (D:11)
  3 anacondas (Snake:1)
  7 two-headed ogres
  9 naga sharpshooters
  18 death yaks (Lair:6)
  6 shock serpents
  Sonja (Lair:1)
  3 skeletal warriors (D:12)
  A naga ritualist (Snake:2)
  3 mana vipers
  A wolf spider (D:9)
  A cyclops (D:11)
  2 manticores (Lair:6)
  A salamander (Snake:2)
  3 centaur zombies
  Maurice (D:9)
  A naga mage (Snake:1)
  18 black mambas
  A gargoyle (D:11)
  11 elephants
  A guardian serpent (Snake:1)
  3 torpor snails (Lair:6)
  23 cane toads
  6 komodo dragons
  A rime drake (Lair:1)
  An unseen horror (D:12)
  Maggie (Lair:2)
  4 trolls
  3 polar bears
  14 blink frogs
  A meliai zombie (D:11)
  A hornet (D:10)
  15 dream sheep
  5 redbacks (D:9)
  A shadow (D:10)
  7 basilisks
  70 yaks
  9 wyverns
  A steam dragon (D:11)
  2 vampire mosquitoes
  19 nagas
  3 wargs (D:9)
  Menkaure (D:5)
  7 water moccasins
  A sky beast (D:5)
  7 orc warriors
  An ogre (D:5)
  2 black bears
  3 centaurs
  11 wolves
  A phantom (D:7)
  3 kobold brigands
  10 bullfrogs
  A gnoll sergeant (D:10)
  4 scorpions
  A wyvern skeleton (D:6)
  14 killer bees
  An electric eel (Lair:3)
  5 hounds
  3 jellies
  10 orc priests
  A centaur skeleton (D:5)
  2 gnoll shamans
  Crazy Yiuf (D:3)
  5 iguanas
  9 orc wizards
  A hound skeleton (D:5)
  A howler monkey zombie (D:9)
  18 gnolls
  2 howler monkey skeletons
  5 adders
  A white imp (D:8)
  A worm (D:1)
  2 dart slugs
  45 orcs
  6 endoplasms
  4 giant cockroaches
  8 goblins
  9 hobgoblins
  5 jackals
  22 kobolds
  5 quokkas
  5 ball pythons
  3 bats
  7 frilled lizards
  7 rats
564 creatures vanquished.

Vanquished Creatures (collateral kills)
  A mana viper (Snake:2)
  A black mamba (D:9)
  2 redbacks (D:9)
4 creatures vanquished.

Vanquished Creatures (others)
  67 ball lightnings
  A bush (Lair:5)
  26 fungi
  40 plants
134 creatures vanquished.

Grand Total: 702 creatures vanquished

Notes
Turn   | Place    | Note
-------+----------+-------------------------------------------
     0 | D:1      | quinnr the Tengu Air Elementalist began the quest for the
                  | Orb.
     0 | D:1      | Reached XP level 1. HP: 10/10 MP: 4/4
   174 | D:1      | Reached XP level 2. HP: 15/15 MP: 3/6
   239 | D:1      | Reached skill level 5 in Air Magic
   608 | D:1      | Reached XP level 3. HP: 19/19 MP: 5/7
  1396 | D:1      | Found a faded altar of an unknown god.
  1401 | D:1      | Reached skill level 6 in Air Magic
  2052 | D:1      | Reached XP level 4. HP: 24/24 MP: 4/8
  2073 | D:2      | Learned a level 4 spell: Airstrike
  2076 | D:2      | Learned a level 2 spell: Blink
  3572 | D:3      | Gained mutation: Your magical nature lets you fly swiftly
                  | and evasively. [Tengu growth]
  3572 | D:3      | Reached XP level 5. HP: 28/28 MP: 6/10
  3825 | D:3      | Reached skill level 7 in Air Magic
  3886 | D:3      | Found a runed translucent door.
  3887 | D:3      | Noticed Crazy Yiuf
  3892 | D:3      | Killed Crazy Yiuf
  3993 | D:4      | Noticed a black bear
  4041 | D:3      | Killed a black bear
  4042 | D:3      | Reached skill level 1 in Fighting
  4042 | D:3      | Reached XP level 6. HP: 27/34 MP: 3/11
  4133 | D:4      | Reached skill level 8 in Air Magic
  4532 | D:4      | Found Pixachek's Assorted Antiques.
  4537 | D:4      | Bought a buckler for 112 gold pieces
  4537 | D:4      | Bought a metallic pink potion for 22 gold pieces
  4537 | D:4      | Bought an orange potion for 22 gold pieces
  4915 | D:4      | Reached skill level 1 in Shields
  4915 | D:4      | Reached XP level 7. HP: 40/40 MP: 8/12
  5069 | D:5      | Entered Level 5 of the Dungeon
  5475 | D:5      | Noticed Menkaure
  5762 | D:5      | Killed Menkaure
  6035 | D:5      | Reached skill level 9 in Air Magic
  6035 | D:5      | Reached XP level 8. HP: 44/44 MP: 0/13
  6801 | D:5      | Reached skill level 1 in Evocations
  7573 | D:6      | Found a staircase to the Ecumenical Temple.
  7592 | D:6      | Reached skill level 10 in Air Magic
  7592 | D:6      | Reached XP level 9. HP: 38/50 MP: 0/16
  7635 | Temple   | Entered the Ecumenical Temple
  7816 | Temple   | Became a worshipper of Vehumet
  8112 | D:6      | Reached skill level 11 in Air Magic
  8182 | D:6      | Found a white marble altar of Elyvilon.
  9048 | D:7      | Reached skill level 1 in Translocations
  9048 | D:7      | Reached skill level 12 in Air Magic
  9867 | D:7      | Reached skill level 5 in Dodging
 10312 | D:8      | Reached * piety under Vehumet
 10312 | D:8      | Offered knowledge of Magic Dart by Vehumet.
 10651 | D:8      | Reached XP level 10. HP: 58/58 MP: 2/17
 10991 | D:8      | Reached skill level 5 in Fighting
 11343 | D:8      | Noticed a two-headed ogre
 11365 | D:8      | Killed a two-headed ogre
 11366 | D:8      | Reached skill level 1 in Armour
 12062 | D:8      | Reached ** piety under Vehumet
 12092 | D:8      | Offered knowledge of Poisonous Vapours by Vehumet.
 12139 | D:7      | Learned a level 2 spell: Poisonous Vapours
 12648 | D:7      | Learned a level 3 spell: Mephitic Cloud
 12652 | D:7      | Learned a level 3 spell: Ignite Poison
 13207 | D:9      | Reached skill level 1 in Poison Magic
 13423 | D:9      | Found a staircase to the Orcish Mines.
 13441 | D:9      | Noticed a two-headed ogre
 13456 | D:9      | Killed a two-headed ogre
 13457 | D:9      | Reached skill level 5 in Spellcasting
 13660 | D:9      | Found a runed translucent gate.
 13660 | D:9      | Found a runed translucent gate.
 13660 | D:9      | Noticed a black mamba
 13661 | D:9      | Found a runed translucent gate.
 13661 | D:9      | Noticed a black mamba
 13662 | D:9      | Noticed a wolf spider
 13670 | D:9      | Found a runed translucent door.
 13682 | D:9      | Found the +9 staff of Olgreb {rPois∞}
 13708 | D:9      | Found a runed translucent door.
 13708 | D:9      | Noticed a black mamba
 13708 | D:9      | Noticed a black mamba
 13718 | D:9      | Noticed Maurice
 13992 | D:8      | quinnr: ?@maurice
 13992 | D:8      | quinnr: @?maurice
 13992 | D:8      | beem: Maurice (@)
                  | Spd:
    10 | HD: 5    | HP: 50-73
                  | AC/EV:
                  | 2/13
                  | Dam: 9(steal)
                  | weapons, items, doors, spellcaster
                  | | Res: magic(20)
                  | Corpse
                  | XP: 468
                  | Sp: sprint,
                  | invisibility, blink, teleport self [emergency]
                  | Sz: Medium
                  | | Int: human.
 13992 | D:8      | quinnr: ??emergency
 13992 | D:8      | beem: I don't have a page labeled emergency in my learndb.
 14073 | D:9      | Killed Maurice
 14074 | D:9      | Reached skill level 13 in Air Magic
 14228 | D:9      | Reached XP level 11. HP: 50/64 MP: 16/20
 14228 | D:9      | Noticed a two-headed ogre
 14234 | D:9      | Killed a two-headed ogre
 14547 | D:10     | Entered Level 10 of the Dungeon
 15163 | D:10     | Reached skill level 5 in Poison Magic
 15216 | D:10     | Identified the +1 pair of boots of Daenag {rF- Int+4 SInv}
 15264 | D:10     | Reached skill level 14 in Air Magic
 15551 | D:10     | Offered knowledge of Dazzling Flash by Vehumet.
 16321 | D:11     | Noticed a two-headed ogre
 16332 | D:11     | Killed a two-headed ogre
 16333 | D:11     | Reached skill level 15 in Air Magic
 16448 | D:11     | Found a large runed translucent door.
 16449 | D:11     | Found a large runed translucent door.
 16509 | D:11     | Noticed a two-headed ogre
 16517 | D:11     | Killed a two-headed ogre
 16741 | D:11     | Noticed a five-headed hydra
 16746 | D:11     | Killed a five-headed hydra
 16747 | D:11     | Reached skill level 5 in Stealth
 17063 | D:11     | Noticed a cyclops
 17070 | D:11     | Killed a cyclops
 17191 | D:11     | Reached XP level 12. HP: 70/70 MP: 12/22
 17404 | D:11     | Reached *** piety under Vehumet
 17867 | D:11     | Found a staircase to the Lair.
 18017 | D:11     | Found Uthraumu's Distillery.
 18180 | D:11     | Noticed cheechan's ghost (journeyman OpFi)
 18195 | D:11     | Killed cheechan's ghost
 18934 | D:9      | Reached skill level 10 in Dodging
 19052 | D:9      | Offered knowledge of Fulminant Prism by Vehumet.
 19763 | D:9      | quinnr: ??staff of Olgreb
 19763 | D:9      | beem: staff of olgreb[1/2]: A {staff of poison} that deals
                  | {poison arrow} damage in melee instead of pure poison. This
                  | means it's only 70% resistable and it poisons even
                  | poison-resistant natural monsters. Can be evoked for 4mp to
                  | cast {Toxic Radiance}, based on evocations skill, with
                  | spellpower 5 * evocations + 5. A player or monster wielding
                  | this will have poison immunity.
 20286 | D:12     | Noticed a two-headed ogre
 20289 | D:12     | Killed a two-headed ogre
 20421 | D:12     | Noticed a two-headed ogre
 20426 | D:12     | Killed a two-headed ogre
 20639 | D:12     | Noticed a boulder beetle
 20647 | D:12     | Killed a boulder beetle
 20746 | D:12     | Reached skill level 5 in Evocations
 21182 | Lair:1   | Entered Level 1 of the Lair of Beasts
 21203 | Lair:1   | Reached XP level 13. HP: 74/74 MP: 3/23
 21208 | Lair:1   | Reached **** piety under Vehumet
 21312 | Lair:1   | Found a sacrificial altar of Ru.
 21383 | Lair:1   | Noticed Fannar
 21390 | Lair:1   | Killed Fannar
 21390 | Lair:1   | Offered knowledge of Irradiate by Vehumet.
 21396 | Lair:1   | Noticed Sonja
 21403 | Lair:1   | Killed Sonja
 22647 | Lair:2   | HP: 7/74 [eight-headed hydra (10)]
 24331 | Lair:2   | Noticed Maggie
 24336 | Lair:2   | Killed Maggie
 24387 | Lair:2   | HP: 16/171 [wolf (5)]
 24389 | Lair:2   | HP: 6/171 [cane toad (10)]
 25509 | Lair:3   | quinnr: ??apportation
 25509 | Lair:3   | beem: apportation[1/3]: Yoink! Pulls an object in LOS to
                  | your feet. Does not work through glass walls. Items may not
                  | be apported the full distance, depending on weight and
                  | spellpower, and the Orb of Zot has a 1/3 chance of
                  | resisting apportation.
 25509 | Lair:3   | quinnr: ??apportation[2
 25509 | Lair:3   | beem: apportation[2/3]: Successfully apported items will
                  | move (pow * 2/5) squares towards you, or a minimum of 1
                  | square. Items won't end up in deep water or lava (they'll
                  | stop early if you don't have enough power to get them
                  | across).
 25509 | Lair:3   | quinnr: ??apportation[3
 25509 | Lair:3   | beem: apportation[3/3]: Apporting the Orb starts the orbrun
                  | and have 1/3 chance to fail.
 25961 | Lair:3   | Found a staircase to the Swamp.
 26185 | Lair:3   | Noticed Gastronok
 26199 | Lair:3   | Killed Gastronok
 26200 | Lair:3   | Reached skill level 16 in Air Magic
 26534 | Lair:4   | Reached XP level 14. HP: 83/83 MP: 25/26
 26719 | Lair:4   | Found a staircase to the Snake Pit.
 27293 | Lair:4   | Reached ***** piety under Vehumet
 27364 | Lair:4   | Found a snail-covered altar of Cheibriados.
 27594 | Lair:4   | Offered knowledge of Spellforged Servitor by Vehumet.
 28766 | Lair:5   | Found a staircase to the Slime Pits.
 28767 | Lair:5   | Found a viscous altar of Jiyva.
 28989 | Lair:6   | Entered Level 6 of the Lair of Beasts
 29704 | Lair:6   | Reached skill level 17 in Air Magic
 30310 | Lair:6   | Found a snail-covered altar of Cheibriados.
 30710 | Lair:6   | Reached skill level 18 in Air Magic
 30711 | Lair:6   | Reached XP level 15. HP: 88/88 MP: 6/29
 30954 | Lair:6   | Reached skill level 1 in Fire Magic
 32415 | Lair:6   | Offered knowledge of Conjure Ball Lightning by Vehumet.
 33063 | Snake:1  | Entered Level 1 of the Snake Pit
 33144 | Snake:1  | Learned a level 6 spell: Conjure Ball Lightning
 34128 | Snake:1  | Reached skill level 10 in Spellcasting
 35794 | Snake:2  | Found a transporter.
 36177 | Snake:2  | Found a transporter.
 37200 | Snake:2  | Reached skill level 10 in Fighting
 37209 | Snake:2  | Noticed Vashnia
 37832 | Snake:2  | Reached XP level 16. HP: 97/97 MP: 31/31
 39105 | Snake:2  | Killed by an exploding ball lightning

Illustrated notes

Levels and vault maps discovered:
D:1:      giann_forest_graveyard, layout_basic, basic_ecumenical_altar,
          st_stairs_12, minmay_lizard_pond
D:2:      layout_basic
D:3:      layout_basic, uniq_crazy_yiuf_cottage
D:4:      layout_basic, serial_shops, kennysheep_little_box, minmay_circle_x
D:5:      layout_loops_ring, st_stairs_4, uniq_menkaure
D:6:      layout_basic, mainiacjoe_overflow_catwalk, minmay_temple_entry_ruins,
          corexii_shack
D:7:      layout_loops_ring
D:8:      layout_basic, special_room [special_room_orc]
D:9:      layout_roguey, minmay_orc_entry_guard_dogs,
          minmay_guarded_unrand_staff_of_olgreb, uniq_maurice
D:10:     layout_roguey
D:11:     layout_roguey, erik_lair_dragon, ebering_ghost_disaster_area,
          serial_shops, shop
D:12:     layout_gridville, portal_ice_cave_entry_pillars_1
Temple:   mainiacjoe_temple_circle_huts
Lair:1:   layout_small_grid, basic_altar, nicolae_lair_grove_arrangements,
          uniq_fannar, uniq_sonja
Lair:2:   layout_cave_pods, uniq_maggie
Lair:3:   layout_regular_city, swamp_mist_pool, uniq_gastronok
Lair:4:   layout_gridlike, guppyfry_snake_entry_garden, basic_altar,
          beast_lair_carwin_11
Lair:5:   layout_hall_layers, slime_altar_1, grunt_megastairs_5,
          lemuel_fruit_tree
Lair:6:   evilmike_catoblepas_cave, layout_regular_city, kennysheep_snail_temple
Snake:1:  layout_layer_cave
Snake:2:  gammafunk_its_a_trap, layout_chambers, uniq_vashnia

Skill      XL: |  1  2  3  4  5  6  7  8  9 10 11 12 13 14 15 16 |
---------------+-------------------------------------------------+-----
Air Magic      | 5 6 7 8 9 10 12 13 15 16 18 | 18.1
Spellcasting   | 3 4 5 6 7 9 10 11 | 11.0
Fighting       | 1 2 3 4 6 7 8 10 | 10.0
Dodging        | 3 4 5 6 7 11 12 14 | 14.0
Shields        | 1 3 4 |  4.0
Stealth        | 3 4 6 7 8 9 |  9.0
Evocations     | 2 5 6 |  6.0
Translocations | 3 4 |  4.0
Armour         | 1 4 |  4.1
Poison Magic   | 3 6 8 9 |  9.0
Fire Magic     | 3 |  3.0
Conjurations   | 2 |  2.5

Action                   |  1- 3 |  4- 6 |  7- 9 | 10-12 | 13-15 | 16-18 || total
-------------------------+-------+-------+-------+-------+-------+-------++-------
Melee: Unarmed           |    18 |     3 |       |       |       |       ||    21
       Peck              |     3 |       |     3 |     5 |    16 |     1 ||    28
       Kick              |     1 |     1 |     5 |     7 |    27 |       ||    41
       Dagger            |       |       |    12 |    25 |       |       ||    37
       Staff             |       |       |       |    11 |   116 |     3 ||   130
 Cast: Shock             |   101 |    92 |   153 |   114 |   154 |     1 ||   615
       Airstrike         |       |     7 |    54 |   107 |   248 |    25 ||   441
       Poisonous Vapours |       |       |       |    90 |   161 |       ||   251
       Ignite Poison     |       |       |       |    46 |    88 |     1 ||   135
       Blink             |       |       |       |     4 |     3 |       ||     7
       Mephitic Cloud    |       |       |       |     7 |     3 |       ||    10
       Conjure Ball Ligh |       |       |       |       |    17 |    11 ||    28
 Abil: Evoke the Staff o |       |       |       |     2 |    25 |       ||    27
Evoke: Wand              |       |       |     4 |    10 |     3 |       ||    17
       Phial of floods   |       |       |       |       |     1 |       ||     1
       Box of beasts     |       |       |       |       |     1 |       ||     1
  Use: Scroll            |       |     5 |    14 |     8 |     6 |     1 ||    34
       Potion            |       |       |       |     7 |     4 |       ||    11
 Stab: Petrified         |       |       |       |       |     9 |       ||     9
Armor: Robe              |    10 |     2 |     9 |    13 |    37 |     1 ||    72
       Skin              |       |       |       |       |    18 |       ||    18
       Troll leather arm |       |       |       |       |     2 |       ||     2
Dodge: Dodged            |    24 |     5 |    55 |   136 |   282 |    13 ||   515
Block: Buckler           |       |       |    16 |    35 |    54 |     3 ||   108

Table legend: (Time is in decaauts)
 A = Elapsed time spent in this place.
 B = Non-inter-level travel time spent in this place.
 C = Inter-level travel time spent in this place.
 D = Time resting spent in this place.
 E = Time spent auto-exploring this place.
 F = Levels seen in this place.
 G = Mean time per level.
                   A        B        C        D        E       F      G
               +--------+--------+--------+--------+--------+-----+--------+
         Total |  37638 |  35455 |   2183 |  11661 |  18725 |  21 | 1792.3 |
       Dungeon |  20120 |  18876 |   1244 |   5860 |  10142 |  12 | 1676.7 |
        Temple |    394 |    367 |     27 |      0 |    348 |   1 |  394.0 |
          Lair |  11944 |  11400 |    544 |   4305 |   5573 |   6 | 1990.7 |
     Snake Pit |   5179 |   4812 |    367 |   1494 |   2661 |   2 | 2589.5 |
               +--------+--------+--------+--------+--------+-----+--------+

Top non-repeatable levels by time:
 Snake:1: 2948 daAuts
  Lair:6: 2599 daAuts
     D:8: 2523 daAuts
  Lair:1: 2423 daAuts
     D:9: 2321 daAuts
 Snake:2: 2231 daAuts
    D:11: 2195 daAuts
  Lair:5: 2150 daAuts
     D:7: 2048 daAuts
     D:4: 1955 daAuts
  Lair:4: 1787 daAuts
     D:1: 1672 daAuts
  Lair:3: 1667 daAuts
    D:10: 1587 daAuts
     D:2: 1537 daAuts
